 Dungeon Crawl Stone Soup version 0.28.0-49-g6dfe1f597d (webtiles) character file.

Game seed: 15075128116342587132

3426 Exodus22XD the Spear-Bearer (level 9, 0/68 HPs)
             Began as a Demonspawn Gladiator on May 15, 2022.
             Was a Follower of Uskayaw.
             Slain by an acid dragon (11 damage)
             ... on level 7 of the Dungeon.
             The game lasted 00:13:25 (6786 turns).

Exodus22XD the Spear-Bearer (Demonspawn Gladiator)  Turns: 6786, Time: 00:13:25

Health: 0/68       AC: 11    Str: 19    XL:     9   Next: 76%
Magic:  13/13      EV: 12    Int: 10    God:    Uskayaw [*.....]
Gold:   287        SH:  0    Dex: 20    Spells: 8/8 levels left

rFire   . . .      SeeInvis .   a - +0 trident
rCold   . . .      Faith    +   (no shield)
rNeg    . . .      Spirit   .   y - +0 scale mail
rPois   .          Reflect  .   c - +0 helmet
rElec   .          Harm     .   (no cloak)
rCorr   .          Rampage  .   (no gloves)
Will    .....                   w - +0 pair of boots
Stlth   ++........              p - amulet of faith
HPRegen 0.21/turn               e - +4 ring of protection
MPRegen 0.13/turn               I - +6 ring of dexterity

@: corroded
A: slimy green scales 1, powered by death 2, weakness stinger 1
a: Renounce Religion, Stomp


You were on level 7 of the Dungeon.
You worshipped Uskayaw.
Uskayaw was noncommittal.
You visited 2 branches of the dungeon, and saw 8 of its levels.

You collected 287 gold pieces.

Inventory:

Hand Weapons
 a - a +0 trident (weapon)
Missiles
 d - 6 throwing nets (quivered)
Armour
 c - a +0 helmet (worn)
 q - an orb of wrath
 w - a +0 pair of boots (worn)
 y - a +0 scale mail (worn)
Jewellery
 e - a +4 ring of protection (left hand)
 p - an amulet of faith (around neck)
 s - a +6 ring of intelligence
 F - a ring of fire
 H - an amulet of the acrobat
 I - a +6 ring of dexterity (right hand)
Wands
 J - a wand of digging (8)
Scrolls
 g - 8 scrolls of identify {unknown}
 h - 3 scrolls of noise {unknown}
 j - 3 scrolls of teleportation {unknown}
 l - a scroll of enchant armour {unknown}
 m - 2 scrolls of vulnerability {unknown}
 u - 2 scrolls of immolation {unknown}
 x - 3 scrolls of magic mapping {unknown}
 A - a scroll of torment {unknown}
 B - a scroll of holy word {unknown}
 C - 3 scrolls of amnesia {unknown}
 G - a scroll of fear {unknown}
Potions
 b - a potion of attraction {unknown}
 f - 2 potions of cancellation {unknown}
 i - 3 potions of curing {unknown}
 k - 2 potions of magic
 n - 2 potions of mutation {unknown}
 o - a potion of brilliance {unknown}
 r - a potion of invisibility {unknown}
 t - a potion of might {unknown}
 v - a potion of degeneration {unknown}
 z - 3 potions of ambrosia {unknown}
 D - a potion of heal wounds {unknown}
 E - a potion of berserk rage {unknown}


   Skills:
 + Level 5.2 Fighting
 + Level 8.5 Polearms
 + Level 1.8 Throwing
 + Level 4.3 Armour
 + Level 4.7 Dodging
 + Level 4.9 Stealth
 * Level 6.1 Invocations


You had 8 spell levels left.
You didn't know any spells.
Your spell library contained the following spells:

 Spells                   Type           Power      Damage    Failure   Level
 Summon Small Mammal      Summ           0%         N/A       73%         1
 Call Canine Familiar     Summ           0%         N/A       97%         3
 Ignite Poison            Fire/Tmut/Pois 0%         N/A       97%         3
 Mephitic Cloud           Conj/Pois/Air  0%         N/A       97%         3
 Portal Projectile        Hex/Tloc       0%         N/A       97%         3
 Summon Guardian Golem    Hex/Summ       0%         N/A       97%         3
 Blade Hands              Tmut           0%         N/A       100%        5
 Excruciating Wounds      Necr           0%         N/A       100%        5
 Freezing Cloud           Conj/Ice/Air   0%         6-21      100%        5


Dungeon Overview and Level Annotations

Branches:
Dungeon (7/15)             Temple (1/1) D:5

Altars:
Ashenzari
Dithmenos
Kikubaaqudgha
Nemelex Xobeh
Ru
Trog
Uskayaw
Wu Jian
Yredelemnul
Zin
The Shining One

Annotations:
D:3 2 runed translucent doors, gno's ghost, amateur DjAE


Innate Abilities, Weirdness & Mutations

You are partially covered in slimy green scales. (AC +2)
You regenerate health from kills.
You have a small tail.


Message History

You hit the jelly.
Your hands burn!
The jelly is heavily wounded.
The jelly closely misses you.
You puncture the jelly!
Your hands burn!
You tail-slap the jelly.
You kill the jelly!
You can now pass through a line of other dancers.
No target in view!
i - 3 inky potions (gained 1)
Found a stone staircase leading up.
You now have 287 gold pieces (gained 11).
There is an open door here.
There is an open door here.
You see here a +0 great mace.
An acid dragon comes into view.
Found a grey potion.
The acid dragon roars!
The acid dragon spits acid at you. The splash of acid hits you!!
An acid dragon is nearby!
You hit the acid dragon but do no damage.
The acid dragon barely misses you.
The acid dragon claws you but does no damage.
You hit the acid dragon but do no damage.
The acid dragon bites you. The acid dragon claws you.
You barely miss the acid dragon. The acid dragon spits acid at you.
The splash of acid hits you!!
* * * LOW HITPOINT WARNING * * *
The acid corrodes you!
An acid dragon is nearby!
You are too injured to fight recklessly!
Okay, then.
You hit the acid dragon but do no damage.
The acid dragon barely misses you. The acid dragon claws you.
* * * LOW HITPOINT WARNING * * *
Okay, then.
Okay, then.
It was a potion of magic.
Magic courses through your body. The acid dragon bites you!
You die...

#.....<#########
...##### #.#
.......# #..
.....#'#### #.#
.###......# #.# .#
#......# #.# .#
#......# #!#
.###......# #D#
..##......# #@#
..##......######.#
..##.............#
..##.#############
.....# #.#### #.#
#.# #.#


You could see an acid dragon (catching breath).

Vanquished Creatures
  Harold (D:7)
  A two-headed ogre (D:6)
  Grinder (D:3)
  Sigmund (D:3)
  A wyvern (D:5)
  A steam dragon (D:5)
  A sky beast (D:6)
  2 ice beasts
  2 necrophages
  2 ogres (D:5)
  A centaur (D:7)
  A phantom (D:4)
  A wyvern skeleton (D:5)
  A water moccasin skeleton (D:4)
  3 wights (D:7)
  A howler monkey (D:7)
  2 bullfrog zombies
  4 hounds
  2 jellies
  An orc priest (D:6)
  A bullfrog skeleton (D:6)
  2 iguanas
  2 orc wizards (D:6)
  A howler monkey zombie (D:6)
  10 adders
  A white imp (D:6)
  2 ufetubi
  A worm (D:2)
  7 dart slugs
  2 orcs (D:5)
  9 bats
  7 endoplasms
  3 giant cockroaches
  9 goblins
  6 hobgoblins
  4 jackals (D:3)
  A quokka (D:2)
  10 ball pythons
  4 frilled lizards
  5 kobolds
  8 rats
125 creatures vanquished.

Notes
Turn   | Place    | Note
-------+----------+-------------------------------------------
     0 | D:1      | Exodus22XD the Demonspawn Gladiator began the quest for the
                  | Orb.
     0 | D:1      | Reached XP level 1. HP: 16/16 MP: 1/1
   195 | D:1      | Gained mutation: You regenerate a little health from kills.
                  | [demonic ancestry]
   195 | D:1      | Reached XP level 2. HP: 12/22 MP: 2/2
   559 | D:1      | Reached skill level 3 in Polearms
   832 | D:1      | Reached XP level 3. HP: 27/27 MP: 3/3
   897 | D:1      | Found a faded altar of an unknown god.
  1371 | D:2      | Reached XP level 4. HP: 33/33 MP: 4/4
  1653 | D:2      | Reached skill level 1 in Armour
  1914 | D:3      | Found a broken altar of Ashenzari.
  1987 | D:3      | Reached skill level 1 in Stealth
  1988 | D:3      | Found a runed translucent door.
  1989 | D:3      | Noticed a bullfrog
  1991 | D:3      | Noticed gno's ghost (amateur DjAE)
  2037 | D:3      | Noticed Sigmund
  2069 | D:3      | Killed Sigmund
  2070 | D:3      | Reached skill level 4 in Polearms
  2070 | D:3      | Gained mutation: You have a small tail. [demonic ancestry]
  2070 | D:3      | Reached XP level 5. HP: 6/40 MP: 5/5
  2395 | D:3      | Found a runed translucent door.
  2484 | D:3      | Gained mutation: You regenerate health from kills. [demonic
                  | ancestry]
  2484 | D:3      | Reached XP level 6. HP: 46/46 MP: 6/6
  2649 | D:3      | Found a sacrificial altar of Ru.
  2769 | D:3      | Noticed Grinder
  2769 | D:3      | Paralysed by Grinder for 4 turns
  2777 | D:3      | Paralysed by Grinder for 6 turns
  2786 | D:3      | Paralysed by Grinder for 4 turns
  2800 | D:3      | Killed Grinder
  2801 | D:3      | Reached skill level 5 in Polearms
  3079 | D:4      | Reached XP level 7. HP: 50/52 MP: 7/7
  3789 | D:5      | Entered Level 5 of the Dungeon
  3808 | D:5      | Found a staircase to the Ecumenical Temple.
  3821 | D:5      | Reached skill level 6 in Polearms
  3831 | Temple   | Entered the Ecumenical Temple
  3977 | Temple   | Became a worshipper of Uskayaw the Reveller
  4025 | D:5      | Reached * piety under Uskayaw
  4031 | D:5      | Reached ** piety under Uskayaw
  4033 | D:5      | Reached skill level 1 in Invocations
  4074 | D:5      | Reached *** piety under Uskayaw
  4076 | D:5      | Gained mutation: You are partially covered in slimy green
                  | scales. (AC +2) [demonic ancestry]
  4076 | D:5      | Reached XP level 8. HP: 60/60 MP: 7/9
  4081 | D:5      | Reached **** piety under Uskayaw
  4197 | D:5      | You fall into a shaft and drop 1 floor!
  4341 | D:6      | Noticed a two-headed ogre
  4356 | D:6      | Killed a two-headed ogre
  4357 | D:6      | Reached skill level 7 in Polearms
  4503 | D:6      | Found a shadowy altar of Dithmenos.
  5028 | D:5      | Reached XP level 9. HP: 66/66 MP: 12/12
  6081 | D:7      | Reached ***** piety under Uskayaw
  6082 | D:7      | Reached skill level 5 in Invocations
  6084 | D:7      | Reached skill level 8 in Polearms
  6346 | D:7      | Noticed Harold
  6365 | D:7      | Killed Harold
  6366 | D:7      | Reached skill level 5 in Fighting
  6786 | D:7      | Slain by an acid dragon

Illustrated notes

Levels and vault maps discovered:
D:1:      roderic_dead_forest, layout_loops_cross,
          dreamdust_ecumenical_altar_sealed_demon, minmay_crystal_water
D:2:      layout_basic
D:3:      layout_loops_cross, mainiacjoe_overflow_large_starburst,
          nicolae_tso_swordbearing_angel, ebering_ghost_sewer_f, uniq_grinder,
          uniq_sigmund
D:4:      layout_basic, minmay_misc_feat_rugged
D:5:      layout_cave_pools, minmay_temple_entry_trees,
          amcnicky_mini_corridor_feature
D:6:      wander_river, layout_layer_cave, grunt_dithmenos_smoke,
          portal_sewer_entry_a
D:7:      layout_basic, uniq_harold
Temple:   eino_temple_water

Skill      XL: |  1  2  3  4  5  6  7  8  9 |
---------------+----------------------------+-----
Dodging        | 3 4 |  4.7
Polearms       | 3 4 5 6 7 8 |  8.5
Armour         | 1 2 3 4 |  4.3
Stealth        | 1 2 3 4 |  4.9
Fighting       | 3 4 5 |  5.2
Invocations    | 1 4 6 |  6.1
Throwing       | |  1.8

Action                   |  1- 3 |  4- 6 |  7- 9 || total
-------------------------+-------+-------+-------++-------
Melee: Trident           |   138 |    90 |   233 ||   461
       Tailslap          |       |     2 |    35 ||    37
Invok: Stomp             |       |       |     2 ||     2
       Line Pass         |       |       |     2 ||     2
  Use: Potion            |       |       |     1 ||     1
 Stab: Sleeping          |     6 |     4 |     3 ||    13
       Paralysed         |       |       |     7 ||     7
       Confused          |       |       |     1 ||     1
Armor: Leather armour    |    42 |    33 |     2 ||    77
       Scale mail        |       |       |   118 ||   118
Dodge: Dodged            |    66 |    40 |   110 ||   216
